[ AOE2 MATCH · #481517455 ]
1v1 EWRomans vs Tatars
Player's team · WIN
Rival team · LOSS
[ REPLAY ANALYSIS · EXTRACTED FROM THE RECORDED GAME ]
Feudal
—
Castle
9:40
Imperial
—
| APM avg | 16.8 |
| APM peak | 43 |
| eAPM avg | 12.0 |
| Villagers / military | 21 / 30 |
Focus
⚔️ 27.2% · 🌾 72.8%
Militia ×18 · Spearman ×9 · Skirmisher ×3
Feudal
—
Castle
7:30
Imperial
—
| APM avg | 28.9 |
| APM peak | 52 |
| eAPM avg | 21.5 |
| Villagers / military | 19 / 13 |
Focus
⚔️ 25.7% · 🌾 74.3%
Archer ×6 · Cavalry Archer ×3 · Scout Cavalry ×2 · Steppe Lancer ×2
Match map
Initial resources + every placement click. Lines = walls · curves = elevation contours. ◆ gold · ⬟ stone · ● berries · ✦ relic · ◌ wall gap
Your base· Open — 8t gap
-crike-'s base· Open — unwalled flank
Smoothed initial terrain · ◌ = detected wall gap · hover for details
Inputs per minute
— John Kennedy - - -crike-
Build order — John Kennedy
74 actions detected in the replay
| 0:01 | Create | Villager (Male) |
| 0:05 | Create | Villager (Male) |
| 0:06 | Create | Villager (Male) |
| 0:06 | Create | Villager (Male) |
| 0:06 | Create | Villager (Male) |
| 0:06 | Create | Villager (Male) |
| 0:47 | Build | Barracks |
| 0:53 | Create | Villager (Male) |
| 0:55 | Build | Mill |
| 1:16 | Build | House |
| 1:20 | Build | House |
| 1:23 | Build | House |
| 1:33 | Research | Man-at-Arms (upgrade) |
| 1:35 | Research | Scale Mail Armor |
| 1:40 | Create | Villager (Male) |
| 1:40 | Create | Villager (Male) |
| 2:21 | Build | Palisade Wall |
| 2:23 | Build | Palisade Gate |
| 2:27 | Build | House |
| 2:34 | Build | Barracks |
| 2:40 | Create | Villager (Male) |
| 2:40 | Create | Villager (Male) |
| 3:18 | Build | Palisade Wall |
| 3:20 | Create | Villager (Male) |
| 3:24 | Create | Militia ×5 |
| 3:24 | Create | Militia ×5 |
| 3:24 | Create | Militia ×5 |
| 3:24 | Create | Militia ×3 |
| 3:39 | Build | Palisade Gate |
| 3:43 | Build | House |
| 3:49 | Create | Villager (Male) |
| 3:54 | Build | Mill |
| 4:02 | Build | Palisade Wall |
| 4:21 | Create | Villager (Male) |
| 4:23 | Create | Villager (Male) |
| 4:26 | Build | House |
| 4:27 | Build | House |
| 4:28 | Build | House |
| 4:28 | Build | House |
| 4:28 | Build | House |
| 4:29 | Build | House |
| 4:30 | Build | House |
| 4:30 | Build | House |
| 4:47 | Create | Villager (Male) |
| 4:57 | Build | House |
| 4:58 | Build | House |
| 5:00 | Build | House |
| 5:05 | Create | Villager (Male) |
| 5:15 | Build | Mining Camp |
| 6:07 | Create | Villager (Male) |
| 6:17 | Build | Market |
| 6:48 | Build | Mill |
| 7:00 | Research | Castle Age |
| 7:00 | Research | Castle Age |
| 7:14 | Build | Lumber Camp |
| 8:27 | Build | Archery Range |
| 8:48 | Build | Mill |
| 9:07 | Create | Skirmisher |
| 9:08 | Create | Skirmisher |
| 9:34 | Create | Spearman |
| 9:40 | Age | Castle Age |
| 9:46 | Research | Pikeman (upgrade) |
| 9:47 | Create | Spearman |
| 9:47 | Create | Spearman |
| 10:07 | Create | Spearman |
| 10:09 | Create | Spearman |
| 10:11 | Create | Spearman ×4 |
| 10:18 | Create | Villager (Male) |
| 10:18 | Create | Villager (Male) |
| 10:19 | Create | Villager (Male) |
| 10:21 | Research | Long Swordsman (upgrade) |
| 10:29 | Research | Chain Mail Armor |
| 10:29 | Research | Chain Mail Armor |
| 10:32 | Create | Skirmisher |
Build order — -crike-
62 actions detected in the replay
| 0:02 | Create | Villager (Male) |
| 0:19 | Build | House |
| 0:24 | Build | Stable |
| 0:32 | Create | Villager (Male) |
| 0:34 | Build | Farm |
| 0:45 | Create | Villager (Male) |
| 0:59 | Create | Villager (Male) |
| 1:01 | Build | Farm |
| 1:14 | Create | Scout Cavalry |
| 1:17 | Build | House |
| 1:21 | Create | Villager (Male) |
| 1:28 | Build | House |
| 1:30 | Build | House |
| 1:36 | Create | Scout Cavalry |
| 1:50 | Build | Farm |
| 2:09 | Create | Villager (Male) |
| 2:13 | Build | Farm |
| 2:20 | Create | Villager (Male) |
| 2:35 | Build | Mining Camp |
| 2:39 | Create | Villager (Male) |
| 2:42 | Build | Farm |
| 3:05 | Build | Farm |
| 3:19 | Build | Farm |
| 3:24 | Build | Farm |
| 3:29 | Build | Farm |
| 3:31 | Create | Villager (Male) |
| 3:34 | Build | Farm |
| 3:57 | Create | Villager (Male) |
| 4:11 | Build | Archery Range |
| 4:13 | Build | Archery Range |
| 4:24 | Create | Villager (Male) |
| 4:50 | Research | Castle Age |
| 5:23 | Build | House |
| 5:26 | Build | House |
| 5:30 | Create | Archer |
| 5:30 | Create | Archer |
| 5:33 | Build | Archery Range |
| 5:59 | Research | Fletching |
| 6:54 | Create | Archer |
| 6:55 | Create | Archer |
| 7:05 | Research | Gold Mining |
| 7:18 | Create | Archer |
| 7:18 | Create | Archer |
| 7:24 | Build | Archery Range |
| 7:30 | Age | Castle Age |
| 7:48 | Build | Town Center |
| 7:58 | Create | Steppe Lancer |
| 7:58 | Create | Steppe Lancer |
| 8:01 | Create | Villager (Male) |
| 8:06 | Build | Town Center |
| 8:23 | Create | Villager (Male) |
| 8:35 | Create | Villager (Male) |
| 8:36 | Create | Villager (Male) |
| 8:40 | Create | Villager (Male) |
| 8:44 | Research | Double-Bit Axe |
| 9:05 | Create | Villager (Male) |
| 9:13 | Create | Villager (Male) |
| 9:15 | Research | Horse Collar |
| 9:17 | Create | Villager (Male) |
| 9:40 | Create | Cavalry Archer |
| 9:41 | Create | Cavalry Archer |
| 9:41 | Create | Cavalry Archer |
Match timeline
| 0:24 | -crike- · first_building Stable |
| 0:47 | John Kennedy · first_building Barracks |
| 2:21 | John Kennedy · wall_segment Palisade Wall x12 |
| 3:18 | John Kennedy · wall_segment Palisade Wall x15 |
| 4:02 | John Kennedy · wall_segment Palisade Wall x7 |
| 4:11 | -crike- · first_building Archery Range |
| 7:30 | -crike- · age_up castle |
| 8:27 | John Kennedy · first_building Archery Range |
| 9:40 | John Kennedy · age_up castle |
| 10:36 | -crike- · resign |
[ AI ANALYSIS · 1 CREDIT ]
What really happened in this match?
Wolo.gg analyzes every decision: build order, eco, micro, common mistakes by bracket. Personalized analysis on WhatsApp or Discord in 30 seconds.
Civ guide
Romans
Map guide
Acclivity
Perfil
John Kennedy